TOP OF THE 1ST |
Hillsboro Hops batting - Pitching for Brooklyn Cyclones : LHP Brad Guffin
|
Pitching: LHP Brad Guffin
|
|
Batting: RHB Nikita Schram
|
0-0: Ball 1-0: Ground out 1-3 (Groundball, 25, EV 68.1 MPH)
|
Batting: RHB Jonathan Underhill
|
0-0: Called Strike 0-1: Ball 1-1: Foul Ball, location: 2F 1-2: Ground out 4-3 (Groundball, 4, EV 87.5 MPH)
|
Batting: RHB Paul Healy
|
0-0: Fly out, F8 (Flyball, 8LM, EV 81.9 MPH)
|
Top of the 1st over - 0 runs, 0 hits, 0 errors, 0 left on base; Hillsboro 0 - Brooklyn 0 |
BOTTOM OF THE 1ST |
Brooklyn Cyclones batting - Pitching for Hillsboro Hops : RHP Paul Corcoran
|
Pitching: RHP Paul Corcoran
|
|
Batting: LHB Matt Baker
|
0-0: Bunt missed! 0-1: Ball 1-1: Fly out, F7 (Flyball, 78S, EV 93.8 MPH)
|
Batting: LHB Elmo Dreier
|
0-0: Bunted foul 0-1: Foul Ball, location: 2F 0-2: Foul Ball, location: 2F 0-2: Ball 1-2: SINGLE (Line Drive, 34D, EV 101.2 MPH)
|
Batting: RHB Mike Mathews
|
0-0: Called Strike Elmo Dreier steals 2nd base (no throw) 0-1: Foul Ball, location: 2F 0-2: Foul Ball, location: 2F 0-2: Ball 1-2: Strikes out swinging
|
Batting: RHB Bill Crogan
|
0-0: Fly out, F9 (Flyball, 89M, EV 83.8 MPH)
|
Bottom of the 1st over - 0 runs, 1 hit, 0 errors, 1 left on base; Hillsboro 0 - Brooklyn 0 |
TOP OF THE 2ND |
Hillsboro Hops batting - Pitching for Brooklyn Cyclones : LHP Brad Guffin
|
Batting: SHB Johnny Diaz
|
0-0: Called Strike 0-1: Foul Ball, location: 2F 0-2: Foul Ball, location: 2F 0-2: Ball 1-2: Ball 2-2: Ball 3-2: DOUBLE (Flyball, 8RXD, EV 99.4 MPH)
|
Batting: RHB Mike Dodson
|
0-0: Foul Ball, location: 2F 0-1: Fly out, F9 (Flyball, 9, EV 81.2 MPH) Runner from 2nd tags up, SAFE at 3rd with throw by RF
|
Batting: RHB T.J. Jordan
|
0-0: Ball 1-0: Called Strike 1-1: Called Strike 1-2: Strikes out swinging
|
Batting: RHB Terry Jarrells
|
0-0: DOUBLE (Line Drive, 9LS, EV 95.0 MPH) Johnny Diaz scores
|
Batting: RHB Devon Fourcade
|
0-0: Foul Ball, location: 2F 0-1: Ball 1-1: DOUBLE (Line Drive, 7D, EV 106.2 MPH) Terry Jarrells scores
|
Batting: LHB Ron Mills
|
0-0: Ball 1-0: Foul Ball, location: 2F 1-1: Ball 2-1: Fly out, F4 (Line Drive, 4, EV 61.2 MPH)
|
Top of the 2nd over - 2 runs, 3 hits, 0 errors, 1 left on base; Hillsboro 2 - Brooklyn 0 |
BOTTOM OF THE 2ND |
Brooklyn Cyclones batting - Pitching for Hillsboro Hops : RHP Paul Corcoran
|
Batting: RHB Rich Cracchiolo
|
0-0: Ball 1-0: Ground out 4-3 (Groundball, 13, EV 86.9 MPH)
|
Batting: RHB Prabhukumar Santhanakrishnan
|
0-0: Foul Ball, location: 2F 0-1: Called Strike 0-2: Strikes out swinging
|
Batting: RHB Victor Reyes
|
0-0: Ball 1-0: Fly out, F8 (Flyball, 8LD, EV 101.9 MPH)
|
Bottom of the 2nd over - 0 runs, 0 hits, 0 errors, 0 left on base; Hillsboro 2 - Brooklyn 0 |
TOP OF THE 3RD |
Hillsboro Hops batting - Pitching for Brooklyn Cyclones : LHP Brad Guffin
|
Batting: RHB Nikita Schram
|
0-0: Foul Ball, location: 2F 0-1: Foul Ball, location: 2F 0-2: Ball 1-2: Foul Ball, location: 2F 1-2: Ball 2-2: DOUBLE (Line Drive, 5D, EV 106.9 MPH)
|
Batting: RHB Jonathan Underhill
|
0-0: Ball 1-0: Ball 2-0: Called Strike 2-1: Ball 3-1: Foul Ball, location: 2F 3-2: Ground out 5-3 (Groundball, 5, EV 86.9 MPH)
|
Batting: RHB Paul Healy
|
0-0: Ball 1-0: Called Strike 1-1: Called Strike 1-2: Foul Ball, location: 2F 1-2: Foul Ball, location: 2F 1-2: Ball 2-2: Ball 3-2: Base on Balls
|
Batting: SHB Johnny Diaz
|
0-0: Ball Nikita Schram steals 3rd base 1-0: Ball 2-0: Swinging Strike 2-1: Foul Ball, location: 2F 2-2: Ball 3-2: Foul Ball, location: 2F 3-2: Fielders Choice at 2nd, 5-4 (Groundball, 56, EV 96.2 MPH) Nikita Schram scores
|
Batting: RHB Mike Dodson
|
0-0: Called Strike Johnny Diaz is caught stealing 2nd base 2-4
|
Top of the 3rd over - 1 run, 1 hit, 0 errors, 0 left on base; Hillsboro 3 - Brooklyn 0 |
BOTTOM OF THE 3RD |
Brooklyn Cyclones batting - Pitching for Hillsboro Hops : RHP Paul Corcoran
|
Batting: RHB Chris Pynn
|
0-0: Ball 1-0: Foul Ball, location: 2F 1-1: Ball 2-1: Fly out, F8 (Flyball, 8LXD, EV 108.1 MPH)
|
Batting: SHB Duri Chilemba
|
0-0: Ground out 3-1 (Groundball, 34, EV 103.8 MPH)
|
Batting: LHB Matt Baker
|
0-0: Ball 1-0: Ball 2-0: Foul Ball, location: 2F 2-1: Ground out 4-3 (Groundball, 4M, EV 106.9 MPH)
|
Bottom of the 3rd over - 0 runs, 0 hits, 0 errors, 0 left on base; Hillsboro 3 - Brooklyn 0 |
TOP OF THE 4TH |
Hillsboro Hops batting - Pitching for Brooklyn Cyclones : LHP Brad Guffin
|
Batting: RHB Mike Dodson
|
0-0: Called Strike 0-1: Ball 1-1: Swinging Strike 1-2: Ball 2-2: Foul Ball, location: 2F 2-2: Ball 3-2: DOUBLE (Flyball, 89D, EV 98.8 MPH)
|
Batting: RHB T.J. Jordan
|
0-0: Called Strike 0-1: Ball 1-1: Called Strike 1-2: Foul Ball, location: 2F 1-2: SINGLE (Groundball, 6MD, EV 103.8 MPH) Mike Dodson to third Runner from 3rd tries for Home, SAFE, throw by CF to home
|
Batting: RHB Terry Jarrells
|
Balk! T.J. Jordan to second 0-0: Swinging Strike 0-1: Foul Ball, location: 2F 0-2: Fly out, F9 (Line Drive, 89M, EV 99.4 MPH)
|
Pitching: LHP Dan Clausing
|
|
Batting: RHB Devon Fourcade
|
0-0: Called Strike 0-1: Foul Ball, location: 2F 0-2: Foul Ball, location: 2F 0-2: Hit by Pitch
|
Batting: LHB Ron Mills
|
0-0: Called Strike 0-1: Ball 1-1: Called Strike 1-2: Foul Ball, location: 2F 1-2: Strikes out swinging
|
Batting: RHB Nikita Schram
|
0-0: Called Strike 0-1: Swinging Strike 0-2: Ball 1-2: Foul Ball, location: 2F 1-2: Ball 2-2: Strikes out swinging
|
Top of the 4th over - 1 run, 2 hits, 0 errors, 2 left on base; Hillsboro 4 - Brooklyn 0 |
BOTTOM OF THE 4TH |
Brooklyn Cyclones batting - Pitching for Hillsboro Hops : RHP Paul Corcoran
|
Batting: LHB Elmo Dreier
|
0-0: Called Strike 0-1: Foul Ball, location: 2F 0-2: Ball 1-2: Ball 2-2: Ground out 5-3 (Groundball, 56, EV 83.8 MPH)
|
Batting: RHB Mike Mathews
|
0-0: Ball 1-0: Ball 2-0: Called Strike 2-1: Ground out 1-3 (Groundball, 34S, EV 74.4 MPH)
|
Batting: RHB Bill Crogan
|
0-0: SINGLE (Groundball, 6MD, EV 96.9 MPH)
|
Batting: RHB Rich Cracchiolo
|
0-0: Ball 1-0: Fly out, F7 (Flyball, 78S, EV 83.1 MPH)
|
Bottom of the 4th over - 0 runs, 1 hit, 0 errors, 1 left on base; Hillsboro 4 - Brooklyn 0 |
TOP OF THE 5TH |
Hillsboro Hops batting - Pitching for Brooklyn Cyclones : LHP Dan Clausing
|
Batting: RHB Jonathan Underhill
|
0-0: Swinging Strike 0-1: Ball 1-1: Foul Ball, location: 2F 1-2: Ball 2-2: SINGLE (Groundball, 6M, EV 104.4 MPH) (infield hit)
|
Batting: RHB Paul Healy
|
0-0: Called Strike Jonathan Underhill steals 2nd base 0-1: Called Strike 0-2: Ball 1-2: SINGLE (Groundball, 6M, EV 98.8 MPH) (infield hit) Jonathan Underhill to third
|
Batting: SHB Johnny Diaz
|
0-0: Ball 1-0: Ball 2-0: Foul Ball, location: 2F 2-1: Foul Ball, location: 2F 2-2: Ball 3-2: Base on Balls Paul Healy to second
|
Batting: RHB Mike Dodson
|
0-0: Ball 1-0: Ball 2-0: Called Strike 2-1: Swinging Strike 2-2: Ball 3-2: Foul Ball, location: 2F 3-2: Base on Balls Jonathan Underhill scores Paul Healy to third Johnny Diaz to second
|
Batting: RHB T.J. Jordan
|
0-0: Called Strike 0-1: Called Strike 0-2: Ball 1-2: Foul Ball, location: 2F 1-2: Ball 2-2: Foul Ball, location: 2F 2-2: Fly out, F8 (Flyball, 78M, EV 80.6 MPH)
|
Batting: RHB Terry Jarrells
|
0-0: Foul Ball, location: 2F 0-1: Grounds into double play, 6-4-3 (Groundball, 6, EV 88.1 MPH)
|
Top of the 5th over - 1 run, 2 hits, 0 errors, 2 left on base; Hillsboro 5 - Brooklyn 0 |
BOTTOM OF THE 5TH |
Brooklyn Cyclones batting - Pitching for Hillsboro Hops : RHP Paul Corcoran
|
Batting: RHB Prabhukumar Santhanakrishnan
|
0-0: Called Strike 0-1: Ball 1-1: Ball 2-1: SINGLE (Groundball, 4D, EV 96.2 MPH)
|
Batting: RHB Victor Reyes
|
0-0: Called Strike Prabhukumar Santhanakrishnan is caught stealing 2nd base 2-4 0-1: Fly out, F7 (Flyball, 78M, EV 86.9 MPH)
|
Batting: RHB Chris Pynn
|
0-0: Foul Ball, location: 2F 0-1: Ball 1-1: Swinging Strike 1-2: Ball 2-2: Strikes out swinging
|
Bottom of the 5th over - 0 runs, 1 hit, 0 errors, 0 left on base; Hillsboro 5 - Brooklyn 0 |
TOP OF THE 6TH |
Hillsboro Hops batting - Pitching for Brooklyn Cyclones : LHP Dan Clausing
|
Batting: RHB Devon Fourcade
|
0-0: Ball 1-0: Swinging Strike 1-1: Foul Ball, location: 2F 1-2: Ground out 6-3 (Groundball, 56, EV 91.2 MPH)
|
Batting: LHB Ron Mills
|
0-0: Ball 1-0: Foul Ball, location: 2F 1-1: Foul Ball, location: 2F 1-2: Strikes out swinging
|
Batting: RHB Nikita Schram
|
0-0: Called Strike 0-1: Swinging Strike 0-2: Ground out 5-3 (Groundball, 5, EV 80.6 MPH)
|
Top of the 6th over - 0 runs, 0 hits, 0 errors, 0 left on base; Hillsboro 5 - Brooklyn 0 |
BOTTOM OF THE 6TH |
Brooklyn Cyclones batting - Pitching for Hillsboro Hops : RHP Paul Corcoran
|
Batting: SHB Duri Chilemba
|
0-0: Swinging Strike 0-1: Called Strike 0-2: Ground out U3 (Groundball, 3, EV 88.8 MPH)
|
Batting: LHB Matt Baker
|
0-0: Ground out 4-3 (Groundball, 4, EV 86.2 MPH)
|
Batting: LHB Elmo Dreier
|
0-0: Fly out, F8 (Flyball, 8LD, EV 83.1 MPH)
|
Bottom of the 6th over - 0 runs, 0 hits, 0 errors, 0 left on base; Hillsboro 5 - Brooklyn 0 |
TOP OF THE 7TH |
Hillsboro Hops batting - Pitching for Brooklyn Cyclones : LHP Dan Clausing
|
Batting: RHB Jonathan Underhill
|
0-0: Called Strike 0-1: Foul Ball, location: 2F 0-2: Strikes out swinging
|
Batting: RHB Paul Healy
|
0-0: Fly out, F4 (Line Drive, 4M, EV 63.8 MPH)
|
Batting: SHB Johnny Diaz
|
0-0: Ball 1-0: Ball 2-0: Called Strike 2-1: Called Strike 2-2: Strikes out looking
|
Top of the 7th over - 0 runs, 0 hits, 0 errors, 0 left on base; Hillsboro 5 - Brooklyn 0 |
BOTTOM OF THE 7TH |
Brooklyn Cyclones batting - Pitching for Hillsboro Hops : RHP Paul Corcoran
|
Batting: RHB Mike Mathews
|
0-0: Called Strike 0-1: Ball 1-1: Swinging Strike 1-2: SINGLE (Groundball, 6MD, EV 97.5 MPH)
|
Batting: RHB Bill Crogan
|
0-0: Foul Ball, location: 2F 0-1: Ball 1-1: Ball 2-1: Foul Ball, location: 2F 2-2: Foul Ball, location: 2F 2-2: Strikes out swinging
|
Batting: RHB Rich Cracchiolo
|
0-0: Ball 1-0: Called Strike 1-1: Foul Ball, location: 2F 1-2: Ball 2-2: Strikes out swinging
|
Batting: RHB Prabhukumar Santhanakrishnan
|
0-0: Called Strike 0-1: Ball 1-1: Ball 2-1: Ball 3-1: Base on Balls Mike Mathews to second
|
Batting: RHB Victor Reyes
|
0-0: Ball 1-0: Ball 2-0: Ball 3-0: Called Strike 3-1: DOUBLE (Flyball, 89D, EV 105.6 MPH) Mike Mathews scores Prabhukumar Santhanakrishnan to third Runner from 3rd tries for Home, SAFE, throw by RF to trailing runner, OUT at third! 9-3-5
|
Bottom of the 7th over - 2 runs, 2 hits, 0 errors, 0 left on base; Hillsboro 5 - Brooklyn 2 |
TOP OF THE 8TH |
Hillsboro Hops batting - Pitching for Brooklyn Cyclones : LHP Dan Clausing
|
Pitching: RHP Rob Fennell
|
|
Batting: RHB Mike Dodson
|
0-0: Ball 1-0: Ball 2-0: Fly out, F4 (Popup, 34S, EV 68.1 MPH)
|
Batting: RHB T.J. Jordan
|
0-0: Ball 1-0: Ball 2-0: Swinging Strike 2-1: Ball 3-1: Ground out 1-3 (Groundball, 13, EV 65.0 MPH)
|
Batting: RHB Terry Jarrells
|
0-0: Ball 1-0: Swinging Strike 1-1: TRIPLE (Flyball, 78XD, EV 98.1 MPH)
|
Batting: RHB Devon Fourcade
|
0-0: Ball 1-0: Ball 2-0: Ball 3-0: Base on Balls
|
Batting: LHB Ron Mills
|
0-0: Ball 1-0: Fly out, F8 (Flyball, 8LD, EV 105.6 MPH)
|
Top of the 8th over - 0 runs, 1 hit, 0 errors, 2 left on base; Hillsboro 5 - Brooklyn 2 |
BOTTOM OF THE 8TH |
Brooklyn Cyclones batting - Pitching for Hillsboro Hops : RHP Paul Corcoran
|
Batting: RHB Chris Pynn
|
0-0: Foul Ball, location: 2F 0-1: Foul Ball, location: 2F 0-2: Ball 1-2: Strikes out swinging
|
Pinch Hitting: RHB Matt Tittle
|
0-0: Called Strike 0-1: Foul Ball, location: 2F 0-2: Foul Ball, location: 2F 0-2: Hit by Pitch
|
Batting: LHB Matt Baker
|
0-0: Ball 1-0: Foul Ball, location: 2F 1-1: Ball 2-1: SINGLE (Groundball, 4MD, EV 103.1 MPH) Matt Tittle to second
|
Batting: LHB Elmo Dreier
|
0-0: Called Strike 0-1: Called Strike 0-2: Ball 1-2: Foul Ball, location: 2F 1-2: Strikes out swinging
|
Pitching: LHP Jesus Gallegos
|
|
Batting: RHB Mike Mathews
|
0-0: Ball 1-0: Called Strike 1-1: Ball 2-1: SINGLE (Groundball, 4MD, EV 97.5 MPH) Matt Tittle to third Matt Baker to second
|
Batting: RHB Bill Crogan
|
0-0: SINGLE (Flyball, 3D, EV 90.6 MPH) Matt Tittle scores Matt Baker to third Mike Mathews to second Runner from 3rd tries for Home, SAFE, throw by RF to home
|
Batting: RHB Rich Cracchiolo
|
0-0: Ball Wild Pitch! Mike Mathews to third Bill Crogan to second 1-0: Ball 2-0: DOUBLE (Line Drive, 7LS, EV 108.8 MPH) Mike Mathews scores Bill Crogan scores
|
Batting: RHB Prabhukumar Santhanakrishnan
|
0-0: Called Strike 0-1: Called Strike 0-2: Foul Ball, location: 2F 0-2: Foul Ball, location: 2F 0-2: Ball 1-2: Ground out 6-3 (Groundball, 6M, EV 109.4 MPH)
|
Bottom of the 8th over - 4 runs, 4 hits, 0 errors, 1 left on base; Hillsboro 5 - Brooklyn 6 |
TOP OF THE 9TH |
Hillsboro Hops batting - Pitching for Brooklyn Cyclones : RHP Rob Fennell
|
Pitching: LHP Joe Edwards
|
|
Now at 1B: Matt Tittle
|
|
Now at 3B: Jack Nickleberry
|
|
Batting: RHB Nikita Schram
|
0-0: Ground out 5-3 (Groundball, 5L, EV 98.8 MPH)
|
Batting: RHB Jonathan Underhill
|
0-0: Swinging Strike 0-1: Foul Ball, location: 2F 0-2: Ball 1-2: Foul Ball, location: 2F 1-2: Ball 2-2: Ground out 4-3 (Groundball, 34, EV 110.0 MPH)
|
Batting: RHB Paul Healy
|
0-0: Swinging Strike 0-1: Swinging Strike 0-2: Ball 1-2: Strikes out swinging
|
Top of the 9th over - 0 runs, 0 hits, 0 errors, 0 left on base; Hillsboro 5 - Brooklyn 6 |
|